 Dungeon Sprint DCSS version 0.17.0-28-g6e173f8 (webtiles) character file.

35453 Kidiri the Unseen (level 12, -2/65 HPs)
             Began as a Spriggan Enchanter on Nov 28, 2015.
             Was the Champion of Dithmenos.
             Slain by a death yak (26 damage)
             ... in the Dungeon (Sprint III: "The Ten Rune Challenge").
             The game lasted 00:23:23 (4689 turns).

Kidiri the Unseen (Spriggan Enchanter)              Turns: 4689, Time: 00:23:23

Health: -2/65      AC:  4    Str:  4    XL:     12   Next: 63%
Magic:  1/31       EV: 34    Int: 16    God:    Dithmenos [******]
Gold:   27         SH:  0    Dex: 20    Spells: 10 memorised, 2 levels left

rFire  + . .     SeeInvis +     i - +1 dagger (venom)
rCold  . . .     Clarity  .     b - +1 robe
rNeg   . . .     SustAt   .     (shield restricted)
rPois  .         Gourm    .     (helmet restricted)
rElec  .         Spirit   .     (no cloak)
rCorr  .         Warding  .     (gloves unavailable)
rMut   .         NoTele   +     (boots unavailable)
MR     ++...                    (no amulet)
Stlth  ++++++++++               (no ring)
                                (no ring)

@: wreathed by umbra, very quick, very resistant to hostile enchantments,
uncannily stealthy
A: unfitting armour, rugged brown scales 1, see invisible, agile 1,
deterioration 1, dopey 2, fire resistance 1, herbivore 3, speed 3, screaming 1,
slow metabolism 2, subdued magic 1
a: Shadow Step, Shadow Form, Renounce Religion
}: 1/10 runes: serpentine


You were in the Dungeon.
You worshipped Dithmenos.
Dithmenos was exalted by your worship.
You were hungry.

You visited 1 branch You collected 27 gold pieces.

Inventory:

Hand Weapons
 i - a +1 dagger of venom (weapon)
Armour
 b - a +1 robe (worn)
Wands
 d - a wand of enslavement (5)
Scrolls
 j - a scroll of blinking
 n - 3 scrolls of remove curse
 p - a scroll of torment
Potions
 a - a potion of curing
 f - a potion of heal wounds
 g - 3 potions of haste
 r - a potion of flight
Books
 e - a book of Power

   Spells                             Type                      Level
   a - Fulminant Prism                Conjuration/Hexes            4
   b - Iskenderun's Mystic Blast      Conjuration                  4
   c - Venom Bolt                     Conjuration/Poison           5
   d - Bolt of Magma                  Conjuration/Fire/Earth       5
   e - Iron Shot                      Conjuration/Earth            6
   f - Orb of Destruction             Conjuration                  7
   g - Spellforged Servitor           Conjuration/Summoning        7
Comestibles
 o - 28 royal jellies
 q - 9 fruits


   Skills:
 + Level 7.7 Fighting
 * Level 13.7 Short Blades
 + Level 7.2 Armour
 * Level 17.1 Dodging
 * Level 18.9 Stealth
 * Level 14.9 Spellcasting
 + Level 6.8 Conjurations
 + Level 11.1 Hexes
 + Level 7.4 Ice Magic
 + Level 5.5 Earth Magic
 + Level 6.8 Poison Magic
 - Level 2.5 Invocations


You had 2 spell levels left.
You knew the following spells:

 Your Spells              Type           Power        Failure   Level  Hunger
a - Corona                Hex            ####...      0%          1    None
b - Ensorcelled Hibernat  Hex/Ice        ####..       1%          2    None
c - Confuse               Hex            ####....     1%          3    None
d - Tukima's Dance        Hex            ####....     1%          3    None
e - Dazzling Spray        Conj/Hex       ####....     1%          3    None
f - Fulminant Prism       Conj/Hex       ####......   1%          4    #......
g - Iskenderun's Mystic   Conj           ###.....     1%          4    #......
h - Venom Bolt            Conj/Pois      ###.......   5%          5    ####...
i - Iron Shot             Conj/Erth      ###.......   65%         6    ######.
j - Orb of Destruction    Conj           ###.......   99%         7    #######


Dungeon Overview and Level Annotations

Branches:
Dungeon (1/1)

Altars:
Cheibriados
Dithmenos
Elyvilon
Fedhas
Gozag
Kikubaaqudgha
Makhleb
Nemelex Xobeh
Okawaru
Qazlal
Ru
Sif Muna
Trog
Vehumet
Xom
Yredelemnul
Zin
The Shining One
Jiyva
Lugonu

Shops:
D =![


Innate Abilities, Weirdness & Mutations

You are tiny and cannot use many weapons and most armour.
You have supernaturally acute eyesight.
You are a herbivore.
You cover ground extremely quickly.
You need consume almost no food.
You are partially covered in rugged brown scales (AC +1, +3% HP).
You are agile. (Dex +2)
Your body sometimes deteriorates upon taking damage.
You are very dopey. (Int -4)
Your flesh is heat resistant.
You occasionally shout uncontrollably at your foes.
Your spells are a little easier to cast, but a little less powerful.


Message History

Aim: a blink frog (umbra, chance to defeat MR: 38%)
The blink frog easily resists.
The blink frog completely misses you.
The blink frog blinks!
The death yak gores you!!
You emit a cloud of dark smoke.
Unknown command.
You completely miss the blink frog. Your shadow misses the blink frog.
The blink frog barely misses you.
Unknown command.
The blink frog momentarily phases out as your attack passes through it.
The blink frog closely misses you. The death yak misses you.
Unknown command.
You hit the blink frog.
The blink frog is poisoned.
The blink frog is lightly wounded.
The blink frog momentarily phases out as your shadow's attack passes through it.
The blink frog completely misses you.
The blink frog momentarily phases out as your attack passes through it.
The blink frog is lightly wounded.
Your shadow hits the blink frog with a dagger.
The death yak gores you!!
You die...

+≈≈§§§§§≈≈♣♣....[♣♣♣♣≈≈≈..
#≈≈≈§§§≈≈≈♣♣.≈≈≈≈'♣♣'♣≈≈≈≈
#≈≈.§§§≈≈≈≈'.....#.≈♣♣♣♣♣♣
#.≈≈≈§§≈≈≈♣♣♣♣♣♣♣#..♣♣
#≈≈≈§≈≈≈≈≈♣ ###+♣♣♣♣♣
▓##+####'#######♣
♣♣♣♣.##..#
▓...............♣♣
♣...##.##.
▓#+#############'♣
♣♣.##.##.# ..
≈P...FYY@F§.♣ ♣..#.##.. ▓.
≈≈...######## ♣♣.##.##. ▓
≈≈≈ ♣♣.##.### ≈ ♣.....##.
########+ #. #. ## ##


You could see 2 death yaks and a blink frog.

Vanquished Creatures
  A greater naga (D)
  Maud (D)
  Snorg (D)
  2 hydras (D)
  4 anacondas (D)
  A centaur warrior (D)
  2 death yaks (D)
  A spriggan druid (D)
  A death drake (D)
  An unseen horror (D)
  A lindwurm (D)
  A guardian serpent (D)
  5 black mambas (D)
  2 spiny frogs (D)
  A komodo dragon (D)
  A fire drake (D)
  A queen bee (D)
  3 wandering mushrooms (D)
  A deep elf priest (D)
  5 blink frogs (D)
  A shadow (D)
  3 redbacks (D)
  2 spriggans (D)
  2 nagas (D)
  3 water moccasins (D)
  A spatial vortex (D)
  A necrophage (D)
  A swamp drake (D)
  2 centaurs (D)
  An earth elemental (D)
  2 brain worms (D)
  A water elemental (D)
  A scorpion (D)
  32 killer bees (D)
  An electric eel (D)
  A jelly (D)
  Jessica (D)
  A necromancer (D)
  A wizard (D)
  3 humans (D)
  A kobold demonologist (D)
  7 adders (D)
  An ooze (D)
  2 rats (D)
108 creatures vanquished.

Vanquished Creatures (collateral kills)
  Rupert (D)
  A naga warrior (D)
2 creatures vanquished.

Vanquished Creatures (others)
  2 draconian scorchers (D)
  2 yaktaurs (D)
  2 dancing weapons (D)
  2 fulminant prisms (D)
8 creatures vanquished.

Grand Total: 118 creatures vanquished

Notes
Turn   | Place    | Note
--------------------------------------------------------------
     0 | D        | Kidiri the Spriggan Enchanter began the quest for the Orb.
     0 | D        | Reached XP level 1. HP: 9/9 MP: 5/5
   141 | D        | Noticed Jessica
   144 | D        | Killed Jessica
   144 | D        | Reached skill level 1 in Fighting
   144 | D        | Reached skill level 6 in Stealth
   144 | D        | Reached XP level 2. HP: 12/14 MP: 6/8
   144 | D        | Reached XP level 3. HP: 15/18 MP: 6/9
   149 | D        | Learned a level 2 spell: Ensorcelled Hibernation
   153 | D        | Learned a level 3 spell: Confuse
   157 | D        | Learned a level 3 spell: Dazzling Spray
   194 | D        | Killed a yaktaur
   216 | D        | Reached skill level 1 in Armour
   266 | D        | Noticed a scorpion
   277 | D        | Killed a scorpion
   277 | D        | Reached skill level 5 in Dodging
   277 | D        | Reached skill level 7 in Stealth
   277 | D        | Reached skill level 5 in Spellcasting
   277 | D        | Reached skill level 1 in Conjurations
   277 | D        | Reached skill level 1 in Ice Magic
   277 | D        | Reached XP level 4. HP: 8/23 MP: 9/12
   299 | D        | Gained mutation: You are agile. (Dex +2) [potion of mutation]
   299 | D        | Gained mutation: Your body sometimes deteriorates upon taking damage. [potion of mutation]
   300 | D        | Gained mutation: You are partially covered in rugged brown scales (AC +1, +3% HP). [potion of mutation]
   300 | D        | Gained mutation: You occasionally shout uncontrollably at your foes. [potion of mutation]
   300 | D        | Lost mutation: You occasionally shout uncontrollably at your foes. [potion of mutation]
   301 | D        | Gained mutation: Your spells are a little easier to cast, but a little less powerful. [potion of mutation]
   301 | D        | Gained mutation: You occasionally shout uncontrollably at your foes. [potion of mutation]
   302 | D        | Gained mutation: You are dopey. (Int -2) [potion of mutation]
   302 | D        | Gained mutation: You are very dopey. (Int -4) [potion of mutation]
   302 | D        | Gained mutation: Your flesh is heat resistant. [potion of mutation]
   357 | D        | Killed a white draconian scorcher
   382 | D        | Killed a white draconian scorcher
   443 | D        | Learned a level 3 spell: Tukima's Dance
   443 | D        | Noticed a water elemental
   468 | D        | Killed a water elemental
   468 | D        | Reached skill level 5 in Hexes
   468 | D        | Reached XP level 5. HP: 2/26 MP: 1/14
   784 | D        | Noticed a jelly
   785 | D        | Noticed a shadow
   797 | D        | Killed a jelly
   797 | D        | Reached skill level 5 in Short Blades
   797 | D        | Reached skill level 8 in Stealth
   811 | D        | Killed a shadow
   811 | D        | Reached skill level 9 in Stealth
   811 | D        | Reached XP level 6. HP: 24/32 MP: 0/17
   989 | D        | Found a stormy altar of Qazlal.
   990 | D        | Found a sacrificial altar of Ru.
   990 | D        | Found a burning altar of Makhleb.
   990 | D        | Found a viscous altar of Jiyva.
   990 | D        | Found a shimmering altar of Xom.
   990 | D        | Found a shadowy altar of Dithmenos.
   990 | D        | Found a sparkling altar of Nemelex Xobeh.
   990 | D        | Found a corrupted altar of Lugonu.
   990 | D        | Found an opulent altar of Gozag.
   990 | D        | Noticed a spatial vortex
  1257 | D        | Became a worshipper of Dithmenos the Shadowed
  1270 | D        | Killed a spatial vortex
  1270 | D        | Reached skill level 10 in Stealth
  1331 | D        | Killed a yaktaur
  1397 | D        | Found a radiant altar of Vehumet.
  1398 | D        | Found a deep blue altar of Sif Muna.
  1398 | D        | Found an ancient bone altar of Kikubaaqudgha.
  1398 | D        | Noticed a wizard
  1399 | D        | Killed a wizard
  1404 | D        | Reached * piety under Dithmenos
  1425 | D        | Learned a level 4 spell: Fulminant Prism
  1430 | D        | Learned a level 4 spell: Iskenderun's Mystic Blast
  1438 | D        | Found a glowing silver altar of Zin.
  1439 | D        | Found a glowing golden altar of the Shining One.
  1439 | D        | Found a white marble altar of Elyvilon.
  1439 | D        | Noticed a deep elf priest
  1441 | D        | Killed a deep elf priest
  1441 | D        | Reached skill level 1 in Invocations
  1441 | D        | Reached XP level 7. HP: 37/37 MP: 17/19
  1462 | D        | Found an iron altar of Okawaru.
  1463 | D        | Found a bloodstained altar of Trog.
  1463 | D        | Noticed a human
  1463 | D        | Noticed a human
  1470 | D        | Killed a human
  1470 | D        | Reached skill level 11 in Stealth
  1475 | D        | Killed a human
  1475 | D        | Reached ** piety under Dithmenos
  1475 | D        | Reached skill level 10 in Dodging
  1684 | D        | Found a snail-covered altar of Cheibriados.
  1684 | D        | Noticed a necrophage
  1685 | D        | Found a basalt altar of Yredelemnul.
  1685 | D        | Found a blossoming altar of Fedhas.
  1685 | D        | Noticed a necromancer
  1686 | D        | Killed a necrophage
  1686 | D        | Reached XP level 8. HP: 43/43 MP: 21/21
  1687 | D        | Killed a necromancer
  1705 | D        | Noticed Snorg
  1737 | D        | Killed Snorg
  1737 | D        | Reached skill level 12 in Stealth
  1866 | D        | Learned a level 5 spell: Venom Bolt
  1870 | D        | Noticed an earth elemental
  1936 | D        | Killed an earth elemental
  1936 | D        | Reached skill level 10 in Spellcasting
  2072 | D        | Noticed a centaur
  2072 | D        | Noticed a centaur warrior
  2072 | D        | Noticed a centaur
  2074 | D        | Killed a centaur warrior
  2074 | D        | Reached skill level 5 in Fighting
  2074 | D        | Reached skill level 13 in Stealth
  2074 | D        | Reached skill level 1 in Poison Magic
  2074 | D        | Reached XP level 9. HP: 46/48 MP: 19/24
  2075 | D        | Killed a centaur
  2075 | D        | Reached *** piety under Dithmenos
  2079 | D        | Killed a centaur
  2123 | D        | Noticed an unseen horror
  2125 | D        | Killed an unseen horror
  2146 | D        | Noticed a killer bee
  2146 | D        | Noticed a killer bee
  2146 | D        | Noticed a killer bee
  2146 | D        | Noticed a killer bee
  2146 | D        | Noticed a killer bee
  2146 | D        | Noticed a killer bee
  2146 | D        | Noticed a killer bee
  2146 | D        | Noticed a killer bee
  2146 | D        | Noticed a killer bee
  2146 | D        | Noticed a killer bee
  2146 | D        | Noticed a killer bee
  2146 | D        | Noticed a killer bee
  2146 | D        | Noticed a killer bee
  2146 | D        | Noticed a killer bee
  2146 | D        | Noticed a killer bee
  2147 | D        | Noticed a killer bee
  2148 | D        | Noticed a killer bee
  2148 | D        | Noticed a killer bee
  2148 | D        | Noticed a killer bee
  2148 | D        | Killed a killer bee
  2149 | D        | Noticed a killer bee
  2149 | D        | Noticed a killer bee
  2149 | D        | Noticed a killer bee
  2150 | D        | Killed a killer bee
  2153 | D        | Noticed a killer bee
  2153 | D        | Killed a killer bee
  2153 | D        | Reached **** piety under Dithmenos
  2153 | D        | Reached skill level 14 in Stealth
  2154 | D        | Noticed a killer bee
  2155 | D        | Killed a killer bee
  2157 | D        | Killed a killer bee
  2159 | D        | Noticed a killer bee
  2159 | D        | Noticed a killer bee
  2161 | D        | Killed a killer bee
  2163 | D        | Noticed a killer bee
  2163 | D        | Noticed a killer bee
  2163 | D        | Killed a killer bee
  2165 | D        | Noticed a killer bee
  2166 | D        | Killed a killer bee
  2168 | D        | Noticed a killer bee
  2169 | D        | Noticed a killer bee
  2305 | D        | Noticed a queen bee
  2306 | D        | Noticed a killer bee
  2309 | D        | Killed a killer bee
  2311 | D        | Killed a killer bee
  2311 | D        | Reached ***** piety under Dithmenos
  2311 | D        | Reached skill level 5 in Ice Magic
  2320 | D        | Killed a killer bee
  2322 | D        | Killed a killer bee
  2322 | D        | Reached skill level 10 in Short Blades
  2328 | D        | Killed a killer bee
  2333 | D        | Killed a killer bee
  2340 | D        | Killed a killer bee
  2340 | D        | Reached XP level 10. HP: 40/52 MP: 6/26
  2342 | D        | Killed a queen bee
  2349 | D        | Killed a killer bee
  2357 | D        | Killed a killer bee
  2371 | D        | Killed a killer bee
  2381 | D        | Killed a killer bee
  2385 | D        | Killed a killer bee
  2385 | D        | Reached skill level 5 in Armour
  2569 | D        | Killed a killer bee
  2575 | D        | Killed a killer bee
  2575 | D        | Reached ****** piety under Dithmenos
  2577 | D        | Killed a killer bee
  2581 | D        | Killed a killer bee
  2585 | D        | Killed a killer bee
  2587 | D        | Killed a killer bee
  2589 | D        | Killed a killer bee
  2602 | D        | Killed a killer bee
  2607 | D        | Killed a killer bee
  2631 | D        | Killed a killer bee
  2637 | D        | Killed a killer bee
  2641 | D        | Killed a killer bee
  2821 | D        | Noticed a wandering mushroom
  2822 | D        | Noticed a wandering mushroom
  2822 | D        | Noticed a wandering mushroom
  2823 | D        | Killed a wandering mushroom
  2823 | D        | Reached skill level 15 in Stealth
  2825 | D        | Killed a wandering mushroom
  2826 | D        | Killed a wandering mushroom
  2834 | D        | Learned a level 6 spell: Iron Shot
  2864 | D        | Noticed a spiny frog
  2864 | D        | Noticed a komodo dragon
  2864 | D        | Noticed a spiny frog
  2868 | D        | Killed a spiny frog
  2870 | D        | Killed a komodo dragon
  2871 | D        | Killed a spiny frog
  2871 | D        | Reached skill level 5 in Conjurations
  2871 | D        | Reached skill level 1 in Earth Magic
  2876 | D        | Noticed a redback
  2880 | D        | Killed a redback
  2881 | D        | Noticed a brain worm
  2884 | D        | Killed a brain worm
  2891 | D        | Noticed a brain worm
  2893 | D        | Killed a brain worm
  2899 | D        | Noticed a lindwurm
  2901 | D        | Noticed a redback
  2902 | D        | Killed a lindwurm
  2904 | D        | Killed a redback
  2910 | D        | Noticed a redback
  2911 | D        | Killed a redback
  2912 | D        | Noticed Maud
  2914 | D        | Killed Maud
  2914 | D        | Reached skill level 16 in Stealth
  2914 | D        | Reached XP level 11. HP: 59/59 MP: 28/28
  2918 | D        | Noticed an electric eel
  2919 | D        | Noticed a seven-headed hydra
  2919 | D        | Noticed a five-headed hydra
  2920 | D        | Killed an electric eel
  2922 | D        | Killed a seven-headed hydra
  2923 | D        | Killed a five-headed hydra
  2966 | D        | Noticed a death drake
  2968 | D        | Killed a death drake
  2968 | D        | Reached skill level 15 in Dodging
  2978 | D        | Found a blossoming altar of Fedhas.
  2978 | D        | Noticed a spriggan
  2978 | D        | Noticed a spriggan druid
  2978 | D        | Noticed a spriggan
  2980 | D        | Killed a spriggan druid
  2980 | D        | Reached skill level 5 in Poison Magic
  2981 | D        | Killed a spriggan
  2982 | D        | Killed a spriggan
  3016 | D        | Noticed an anaconda
  3016 | D        | Noticed a black mamba
  3016 | D        | Noticed a water moccasin
  3021 | D        | Killed an anaconda
  3021 | D        | Reached skill level 17 in Stealth
  3021 | D        | Reached skill level 10 in Hexes
  3023 | D        | Killed a water moccasin
  3028 | D        | Killed a black mamba
  3035 | D        | Noticed a black mamba
  3035 | D        | Noticed an anaconda
  3044 | D        | Killed an anaconda
  3046 | D        | Killed a black mamba
  3159 | D        | Noticed a black mamba
  3159 | D        | Noticed a water moccasin
  3159 | D        | Noticed a black mamba
  3159 | D        | Noticed an anaconda
  3163 | D        | Killed an anaconda
  3164 | D        | Killed a black mamba
  3166 | D        | Killed a black mamba
  3168 | D        | Killed a water moccasin
  3201 | D        | Noticed a black mamba
  3203 | D        | Noticed an anaconda
  3203 | D        | Noticed a water moccasin
  3205 | D        | Killed a black mamba
  3211 | D        | Killed an anaconda
  3211 | D        | Reached XP level 12. HP: 64/64 MP: 22/31
  3237 | D        | Killed a water moccasin
  3380 | D        | Noticed a naga
  3380 | D        | Noticed a naga
  3382 | D        | Noticed a greater naga
  3386 | D        | Noticed a naga warrior
  3423 | D        | Killed a greater naga
  3423 | D        | Reached skill level 18 in Stealth
  3671 | D        | Killed a naga
  3676 | D        | Killed a naga
  3747 | D        | Killed a naga warrior
  4008 | D        | Found Zohorch's Jewellery Shop.
  4008 | D        | Found Ygelieq's Distillery.
  4012 | D        | Found Raycvi's Antique Armour Boutique.
  4021 | D        | Noticed a guardian serpent
  4023 | D        | Killed a guardian serpent
  4027 | D        | Got a serpentine rune of Zot
  4116 | D        | Learned a level 7 spell: Orb of Destruction
  4118 | D        | Noticed a swamp drake
  4118 | D        | Noticed a fire drake
  4119 | D        | Killed a fire drake
  4121 | D        | Killed a swamp drake
  4131 | D        | Noticed a blink frog
  4131 | D        | Noticed a blink frog
  4131 | D        | Noticed a blink frog
  4132 | D        | Noticed a blink frog
  4132 | D        | Noticed a blink frog
  4133 | D        | Killed a blink frog
  4136 | D        | Killed a blink frog
  4146 | D        | Killed a blink frog
  4150 | D        | Killed a blink frog
  4150 | D        | Reached skill level 5 in Earth Magic
  4158 | D        | Killed a blink frog
  4211 | D        | Noticed Rupert
  4251 | D        | Paralysed by Rupert for 7 turns
  4525 | D        | Killed Rupert
  4672 | D        | Noticed a death yak
  4673 | D        | Noticed a death yak
  4673 | D        | Noticed a blink frog
  4676 | D        | Noticed a death yak
  4677 | D        | Noticed a death yak
  4678 | D        | Noticed a blink frog
  4679 | D        | Killed a death yak
  4680 | D        | Killed a death yak
  4682 | D        | Noticed a blink frog
  4689 | D        | Slain by a death yak

Action                   |  1- 3 |  4- 6 |  7- 9 | 10-12 || total
-------------------------+-------+-------+-------+-------++-------
Melee: Dagger            |    17 |    22 |    63 |   144 ||   246
 Cast: Ensorcelled Hiber |     2 |     1 |    19 |    55 ||    77
       Dazzling Spray    |     1 |    18 |    17 |     6 ||    42
       Confuse           |       |       |     8 |     5 ||    13
       Fulminant Prism   |       |       |     2 |       ||     2
       Iskenderun's Myst |       |       |     1 |       ||     1
       Corona            |       |       |       |     1 ||     1
       Venom Bolt        |       |       |       |    15 ||    15
       Tukima's Dance    |       |       |       |    14 ||    14
Invok: Shadow Step       |       |       |     1 |    10 ||    11
  Use: Potion            |       |     8 |     2 |       ||    10
       Scroll            |       |     5 |       |       ||     5
 Stab: Sleeping          |     4 |     3 |    16 |    58 ||    81
       Invisible         |     1 |     1 |     5 |     2 ||     9
       Confused          |       |       |     2 |       ||     2
  Eat: Bread ration      |       |     1 |       |       ||     1
       Fruit             |       |       |       |     1 ||     1
